Map: Lost and Found LE

Players

Airmax

  • Race: Terran Terran
  • League: Master
  • Spawn Location: 1:00

XorMus - Winner!

  • Race: Protoss Protoss
  • League: Master
  • Spawn Location: 7:00

VOD

Have the link to the VOD?

Description

Time

  • Played on: June 17, 2018, 6:38 p.m.
  • Length: 27:41
Show
View Real Time Build Order
Export as new Build Order

Airmax Terran 

Build Orders: Reaper Expand, MMM Bio 

Get SALT Encoding   

  12  0:00  SCV  
  13  0:12  SCV  
  14  0:17  Supply Depot  
  14  0:25  SCV  
  15  0:38  SCV  
  15  0:40  Barracks  
  16  0:44  Refinery  
  16  0:50  SCV  
  17  1:02  SCV  
  18  1:15  SCV  
  19  1:27  Orbital Command, Reaper  
  20  1:44  Command Center  
  20  1:54  SCV  
  20  1:56  Supply Depot  
  20  1:59  Marine  
  22  2:06  SCV  
  23  2:10  Factory  
  23  2:17  Refinery  
  23  2:23  SCV  
  23  2:24  Barracks Reactor  
  24  2:35  SCV  
  25  2:47  SCV  
  26  2:58  Bunker  
  26  2:59  SCV  
  26  3:05  Orbital Command  
  27  3:07  Cyclone  
  27  3:08  Cyclone  
  27  3:11  SCV  
  34  3:23  Barracks Tech Lab, SCV  
  35  3:32  SCV  
  35  3:34  Supply Depot  
  36  3:36  SCV  
  37  3:44  SCV  
  37  3:48  SCV  
  38  3:50  Siege Tank, Marine x2  
  43  3:56  Supply Depot  
  43  3:57  SCV  
  43  4:02  SCV, Command Center  
  45  4:07  Marine  
  45  4:08  Marine  
  45  4:09  SCV  
  48  4:15  Supply Depot, SCV  
  49  4:25  Marine x2  
  49  4:26  Siege Tank  
  49  4:28  SCV  
  49  4:29  Engineering Bay  
  55  4:37  SCV  
  56  4:40  SCV  
  56  4:41  Engineering Bay, Refinery  
  56  4:42  Refinery  
  57  4:47  Marine x2  
  57  4:49  SCV  
  60  4:53  SCV  
  60  4:58  Missile Turret  
  60  4:59  Missile Turret  
  61  5:04  SCV  
  61  5:05  Terran Infantry Weapons Level 1, SCV  
  63  5:07  Terran Infantry Armor Level 1  
  63  5:08  Marine x2  
  65  5:15  Supply Depot  
  65  5:16  Orbital Command  
  65  5:18  Factory Tech Lab  
  64  5:30  SCV  
  64  5:31  SCV  
  64  5:33  Barracks  
  65  5:36  Barracks  
  65  5:42  SCV  
  66  5:43  SCV  
  66  5:44  Starport, Factory Reactor  
  66  5:47  Supply Depot  
  66  5:48  Marine x2  
  69  5:53  SCV  
  69  5:54  SCV  
  71  5:58  Supply Depot  
  71  6:00  Supply Depot  
  71  6:05  SCV x2  
  71  6:06  Marine x2  
  75  6:15  SCV  
  76  6:22  Armory  
  76  6:23  Barracks  
  76  6:24  Barracks  
  76  6:25  Stimpack  
  76  6:26  Marauder, Marine x2  
  76  6:29  SCV x2  
  76  6:31  Combat Shield  
  82  6:35  Marauder  
  82  6:38  Medivac  
  86  6:40  Supply Depot, Medivac  
  86  6:41  Supply Depot  
  86  6:43  SCV x2  
  92  6:47  Widow Mine  
  92  6:54  Orbital Command  
  92  6:55  SCV  
  92  6:56  Supply Depot  
  92  6:59  Marauder  
  92  7:00  Marauder, Marine x2  
  99  7:08  Missile Turret, Medivac  
  99  7:10  Medivac  
  99  7:11  SCV x2  
  105  7:15  Bunker  
  105  7:19  Barracks Tech Lab, Barracks Reactor  
  105  7:23  SCV x2  
  105  7:29  Marine  
  109  7:30  Marauder x2, Marine  
  109  7:31  Terran Infantry Armor Level 2  
  109  7:33  Terran Infantry Weapons Level 2  
  109  7:36  SCV  
  115  7:37  SCV  
  115  7:39  Refinery  
  115  7:41  Refinery, Terran Ship Weapons Level 1  
  115  7:43  Marauder  
  117  7:47  Marine  
  117  7:50  Concussive Shells  
  118  7:52  Marauder, Marine x2  
  118  7:53  Widow Mine, Medivac  
  118  7:57  SCV x3  
  129  8:05  Marauder  
  131  8:06  Marine x2  
  131  8:07  Medivac  
  131  8:09  SCV x2  
  131  8:11  Marauder  
  139  8:15  Widow Mine  
  139  8:16  Missile Turret, Supply Depot  
  139  8:17  Supply Depot  
  139  8:19  Marine  
  141  8:27  Liberator  
  141  8:28  Liberator  
  141  8:32  Command Center  
  141  8:37  Supply Depot, Marine x2  
  141  8:38  Marauder x3  
  149  8:47  Marine x2  
  157  8:59  Marauder x2, SCV x2  
  157  9:01  Supply Depot  
  165  9:10  Marauder, Widow Mine, Marine x3  
  165  9:13  SCV  
  165  9:14  SCV  
  165  9:15  Supply Depot  
  172  9:23  Marauder x2  
  176  9:24  Starport  
  176  9:25  Starport, SCV  
  176  9:26  SCV  
  176  9:29  Fusion Core  
  178  9:39  Terran Ship Weapons Level 2  
  178  9:40  Supply Depot x2  
  178  9:41  Supply Depot, SCV x2  
  178  9:44  Marine  
  181  9:53  Missile Turret  
  181  9:55  Sensor Tower, Missile Turret, SCV x2  
  181  9:56  Missile Turret  
  181  9:57  Missile Turret  
  181  9:58  Sensor Tower  
  181  9:59  Missile Turret  
  182  10:00  Marauder, Marine  
  182  10:02  Starport Reactor, Starport Tech Lab  
  182  10:03  Liberator  
  185  10:12  Terran Infantry Weapons Level 3  
  185  10:15  Missile Turret, Widow Mine  
  185  10:20  Liberator x2  
  190  10:27  Advanced Ballistics  
  190  10:29  Planetary Fortress  
  190  10:35  Refinery  
  190  10:38  Missile Turret  
  190  10:42  Refinery, Marine x2  
  196  10:43  Marauder  
  200  10:58  Liberator x3  
  200  11:00  Barracks  
  200  11:01  Barracks  
  198  11:05  Marauder  
  198  11:08  Liberator x2  
  189  11:18  Marauder  
  166  11:26  Marauder, Marine x4  
  166  11:27  Marauder  
  168  11:39  Marauder  
  170  11:40  Command Center  
  170  11:44  Marine  
  169  11:48  Marauder x2, Liberator  
  169  11:49  Barracks Tech Lab, Marine x2  
  169  11:50  Barracks Tech Lab  
  169  11:53  Widow Mine  
  143  11:57  Medivac  
  143  11:59  Terran Infantry Armor Level 3, Terran Ship Weapons Level 3  
  143  12:01  Marauder, Barracks  
  147  12:03  Liberator  
  147  12:05  Marine  
  150  12:09  Marauder x2  
  150  12:11  Marauder  
  150  12:12  Marauder  
  157  12:19  Command Center  
  157  12:21  Marine x2  
  157  12:22  Marauder  
  164  12:24  Medivac  
  164  12:29  Medivac  
  168  12:30  Medivac  
  168  12:31  Marauder x2, Marine  
  168  12:32  Widow Mine  
  173  12:38  Sensor Tower  
  173  12:42  Command Center  
  173  12:44  Marauder, Marine x3  
  173  12:45  Marauder x2  
  175  13:02  SCV x2  
  158  13:08  Liberator x2  
  158  13:09  SCV  
  158  13:11  Marauder x2, Marine x3  
  166  13:14  SCV x2  
  174  13:29  Sensor Tower, SCV x3  
  177  13:35  Liberator  
  173  13:45  Marauder, Marine x3  
  173  13:46  Marauder x2  
  163  13:52  Marine x2  
  163  13:53  Marauder  
  152  14:02  Marine  
  152  14:03  Marine x2  
  152  14:07  Marauder x3  
  159  14:10  Marine  
  159  14:11  Marauder  
  159  14:14  Marine  
  163  14:20  Marine x2  
  163  14:21  Marine  
  157  14:24  Liberator x2  
  157  14:28  Marauder, Marine x2  
  151  14:41  Marauder x2, Marine x3  
  158  14:47  Sensor Tower  
  158  14:48  Medivac  
  150  14:54  Marine x2  
  149  15:02  Widow Mine  
  149  15:03  Planetary Fortress  
  149  15:05  SCV x2  
  149  15:06  Refinery, SCV  
  154  15:14  Liberator  
  154  15:17  Medivac x2  
  154  15:18  Medivac  
  158  15:30  Liberator  
  158  15:31  Liberator  
  158  15:32  Medivac  
  158  15:33  Widow Mine  
  165  15:45  Marauder, Marine  
  165  15:47  Medivac  
  165  15:49  Liberator  
  176  15:51  Marine  
  176  15:52  Marauder x2, Marine x2  
  176  15:54  Orbital Command  
  176  15:55  Widow Mine  
  185  15:57  Liberator  
  182  16:05  Liberator  
  185  16:13  Marauder, Liberator, Marine  
  185  16:14  Liberator  
  185  16:16  Widow Mine  
  190  16:21  Marine x2  
  190  16:22  Marauder  
  180  16:30  Marauder, Marine x3  
  180  16:31  Marine  
  169  16:34  Marauder  
  169  16:37  Widow Mine  
  169  16:39  Marine x2  
  159  16:42  Marine  
  153  16:47  Marine  
  153  16:48  Marine x2  
  153  16:49  Marine  
  153  16:51  Marine, Liberator x2  
  153  16:52  SCV x2  
  160  16:57  Liberator  
  160  17:09  Sensor Tower  
  160  17:12  Marine x2  
  160  17:13  Marauder  
  161  17:25  Orbital Command  
  161  17:26  Marine  
  136  17:31  Medivac  
  136  17:32  Medivac  
  136  17:36  Marine x2  
  136  17:37  Marauder x2, Marine x2  
  124  17:51  Medivac x2  
  124  17:56  Liberator  
  124  17:57  Medivac  
  130  18:01  Medivac  
  130  18:04  Liberator  
  132  18:13  Command Center  
  132  18:14  Widow Mine  
  132  18:15  Marine x3  
  132  18:16  Marauder x2, Marine  
  132  18:19  Terran Vehicle And Ship Armor Level 1  
  149  18:35  Widow Mine  
  149  18:36  Liberator x2  
  149  18:38  Bunker, Liberator  
  151  18:43  Sensor Tower  
  148  18:49  Liberator x2  
  148  18:51  Marauder  
  154  19:00  Marine x4  
  154  19:01  Marauder x3, Marine  
  165  19:05  Command Center  
  165  19:09  Widow Mine  
  173  19:13  Marauder  
  173  19:15  Refinery  
  173  19:16  Refinery  
  155  19:18  Liberator, Marine  
  155  19:19  Marauder  
  155  19:22  Marauder  
  160  19:28  Marine  
  160  19:29  Marauder x2, Marine  
  166  19:32  Marine  
  166  19:38  Missile Turret, Planetary Fortress  
  170  19:41  Marine  
  170  19:42  Marauder, Marine  
  170  19:43  Marauder  
  176  19:46  Marine x2  
  176  19:50  Marauder  
  177  19:55  Marine  
  177  19:56  Marauder  
  177  19:59  Marine  
  181  20:00  Marauder  
  181  20:03  Marine  
  181  20:04  Marine  
  181  20:05  Marauder  
  181  20:15  Marine x2  
  181  20:16  Marauder, Terran Vehicle And Ship Armor Level 2  
  181  20:20  Refinery  
  185  20:22  Refinery  
  185  20:39  Marauder, Marine x4  
  185  20:40  Marauder x2  
  195  20:43  Liberator  
  191  21:01  Viking x3  
  193  21:16  Orbital Command  
  188  21:23  Viking  
  190  21:31  Viking x3  
  186  21:42  Command Center  
  186  21:43  Missile Turret, Viking  
  186  21:44  Liberator x2  
  186  21:45  Missile Turret  
  186  21:46  Missile Turret  
  186  21:47  Missile Turret  
  186  21:53  Viking  
  186  22:01  Viking  
  192  22:13  Viking  
  184  22:23  Viking  
  180  22:31  Viking  
  180  22:34  Marauder, Marine x3  
  180  22:35  Marauder  
  189  22:42  Marine  
  189  22:43  Marauder, Viking  
  189  22:44  Viking x2  
  190  22:53  Viking  
  190  22:56  Liberator  
  190  22:57  Marauder, Liberator  
  194  23:01  Viking  
  192  23:11  Terran Vehicle And Ship Armor Level 3  
  192  23:13  Viking  
  200  23:24  Viking  
  197  23:31  Viking  
  197  23:33  Planetary Fortress  
  196  23:43  Viking  
  195  23:54  Viking  
  195  23:55  Marauder, Marine x2  
  199  23:59  Liberator  
  199  24:02  Medivac  
  197  24:06  Refinery  
  197  24:07  Refinery, Viking x2  
  198  24:15  Marine  
  198  24:16  Marauder, Marine  
  198  24:24  Viking  
  194  24:31  Marine x2  
  194  24:32  Marauder x2, Marine x2, Medivac  
  194  24:37  Viking x2  
  194  24:48  Marine x2  
  194  24:49  Marauder  
  198  24:54  Viking  
  198  24:59  Viking  
  197  25:01  Marauder  
  197  25:02  Viking  
  197  25:05  Marine  
  200  25:07  Viking  
  187  25:22  Marine  
  187  25:23  Marauder x3, Marine x3  
  187  25:24  Marauder, Command Center, Viking  
  180  25:43  Viking x2  
  180  25:44  Viking x2  
  184  25:53  Viking  
  181  26:13  Viking x2  
  181  26:14  Viking x2  
  185  26:23  Viking  
  179  26:36  Liberator  
  171  26:43  Viking x2  
  171  26:44  Marine, Viking x2  
  171  26:45  Marauder  
  167  26:50  Marauder, Marine x3  
  167  26:51  Marauder  
  167  26:52  Widow Mine  
  161  27:02  Marine  
  161  27:06  Marine  
  161  27:08  Marine x3  
  163  27:13  Marine  
  163  27:14  Widow Mine  
  152  27:20  Marine  
Show
View Real Time Build Order
Export as new Build Order

XorMus Protoss - Winner!

Build Orders: 1 Gate Expand, Oracle Opening 

Get SALT Encoding   

  12  0:01  Probe  
  13  0:13  Probe  
  14  0:19  Pylon  
  14  0:25  Probe  
  15  0:34  Probe  
  15  0:39  Gateway  
  15  0:42  Probe  
  16  0:47  Assimilator  
  17  0:51  Probe  
  18  1:04  Probe  
  19  1:16  Probe  
  20  1:27  Nexus  
  20  1:37  Cybernetics Core  
  20  1:44  Probe  
  20  1:45  Assimilator  
  21  1:55  Pylon  
  21  1:56  Probe  
  22  2:04  Stalker  
  22  2:08  Probe  
  23  2:15  Warp Gate  
  25  2:21  Probe  
  26  2:29  Stalker  
  26  2:33  Probe  
  27  2:41  Probe  
  30  2:45  Probe  
  31  2:52  Stargate  
  31  2:53  Probe  
  31  2:57  Probe  
  33  2:58  Stalker  
  33  3:05  Probe  
  36  3:10  Probe  
  37  3:17  Probe  
  37  3:19  Pylon  
  38  3:23  Probe  
  38  3:25  Oracle  
  39  3:29  Probe, Stalker  
  42  3:35  Probe  
  42  3:40  Probe  
  46  3:47  Probe  
  48  3:48  Probe  
  48  3:49  Assimilator  
  49  3:56  Probe  
  49  3:58  Shield Battery  
  49  3:59  Probe  
  51  4:07  Pylon  
  51  4:08  Probe  
  52  4:11  Probe  
  52  4:15  Assimilator  
  53  4:18  Gateway  
  53  4:19  Gateway  
  53  4:20  Probe  
  54  4:25  Probe  
  54  4:26  Oracle  
  55  4:35  Probe  
  59  4:38  Probe  
  59  4:44  Robotics Facility  
  60  4:47  Probe  
  60  4:48  Pylon  
  61  4:54  Pylon  
  61  4:55  Pylon  
  61  5:02  Twilight Council  
  61  5:08  Stalker  
  61  5:10  Probe  
  64  5:17  Stalker x2  
  68  5:23  Immortal  
  68  5:28  Blink, Nexus  
  68  5:31  Pylon  
  68  5:32  Probe x2  
  68  5:34  Pylon  
  74  5:44  Probe  
  74  5:49  Probe  
  76  5:53  Shield Battery, Immortal  
  76  5:56  Shield Battery, Probe  
  77  6:01  Probe  
  82  6:06  Robotics Bay  
  82  6:08  Probe  
  83  6:13  Probe  
  84  6:20  Probe  
  84  6:21  Zealot  
  84  6:22  Zealot  
  84  6:23  Zealot  
  91  6:26  Probe  
  91  6:32  Forge  
  92  6:34  Forge  
  92  6:40  Colossus  
  92  6:43  Gateway  
  92  6:45  Gateway  
  92  6:47  Gateway  
  92  6:52  Protoss Ground Armor Level 1  
  92  6:54  Sentry x3  
  94  6:57  Protoss Ground Weapons Level 1  
  94  6:59  Extended Thermal Lance  
  104  7:05  Probe x2  
  106  7:10  Probe  
  107  7:17  Probe, Pylon  
  107  7:18  Probe  
  107  7:19  Pylon  
  107  7:20  Colossus, Assimilator  
  107  7:22  Pylon  
  109  7:25  Assimilator  
  109  7:28  Probe  
  109  7:29  Probe  
  111  7:31  Probe  
  118  7:39  Charge  
  118  7:40  Probe  
  118  7:42  Zealot x3  
  125  7:58  Stalker x3  
  131  8:04  Colossus  
  131  8:06  Pylon  
  131  8:09  Pylon  
  131  8:12  Shield Battery, Pylon  
  131  8:13  Shield Battery  
  137  8:22  Protoss Ground Weapons Level 2  
  137  8:29  Zealot x2  
  137  8:30  Zealot x4  
  149  8:42  Protoss Ground Armor Level 2  
  149  8:51  Observer  
  149  8:54  Templar Archives, Nexus  
  149  8:57  Pylon  
  150  9:09  Colossus, Zealot  
  152  9:10  Zealot  
  152  9:15  Probe x3  
  163  9:17  Pylon  
  163  9:27  Probe  
  164  9:34  Gateway  
  164  9:37  Gateway  
  164  9:39  Gateway  
  164  9:42  Gateway  
  164  9:44  Psionic Storm  
  164  9:56  High Templar x5  
  164  9:59  Pylon  
  174  10:00  Probe x2  
  174  10:05  Colossus  
  182  10:08  Pylon  
  182  10:09  Assimilator  
  182  10:10  Pylon  
  182  10:11  Pylon  
  182  10:12  Pylon  
  182  10:14  Assimilator  
  182  10:17  Protoss Ground Weapons Level 3  
  182  10:20  Zealot  
  174  10:29  Protoss Ground Armor Level 3  
  174  10:37  Probe x3  
  174  10:38  Probe  
  178  10:43  Observer  
  178  10:49  Probe x2  
  181  10:50  Probe x2  
  181  10:51  Zealot x3  
  181  10:52  Zealot x6  
  200  11:02  Observer  
  173  11:28  High Templar x3  
  173  11:29  High Templar  
  179  11:53  Stalker x2  
  179  11:54  Stalker x2  
  187  12:05  Stalker x3  
  187  12:06  Stalker x2  
  197  12:24  Zealot x2  
  197  12:27  Warp Prism  
  196  12:34  Probe x2  
  196  12:35  Probe  
  195  12:41  Probe  
  198  12:46  Probe  
  151  13:13  Zealot x6  
  151  13:14  Protoss Shields Level 1, Zealot x3  
  151  13:15  Zealot  
  171  13:25  Probe x2  
  151  13:55  Zealot  
  151  13:56  Zealot x3  
  151  14:00  Stalker x6  
  151  14:01  Stalker  
  141  14:26  Stalker x7  
  141  14:27  Stalker x3  
  149  14:40  Colossus  
  141  15:01  High Templar x4  
  141  15:02  Stalker x3  
  141  15:03  Stalker x3  
  141  15:05  Probe  
  141  15:06  Probe x3  
  165  15:18  Probe x4  
  169  15:29  High Templar x5  
  169  15:30  Colossus  
  179  15:40  Nexus  
  179  15:42  Pylon  
  185  15:45  Pylon  
  185  15:47  Assimilator  
  185  15:53  Assimilator  
  183  15:58  Stalker x4  
  183  15:59  Stalker  
  185  16:12  Stalker x4  
  152  16:31  Colossus  
  146  16:36  Archon  
  146  16:37  Archon  
  106  16:52  Protoss Shields Level 2  
  108  16:57  High Templar x3, Zealot  
  108  16:58  Zealot x6  
  108  17:00  Probe x3  
  131  17:07  Probe x2  
  133  17:12  Colossus  
  113  17:41  Zealot  
  113  17:42  Zealot x7  
  113  17:43  Zealot x2  
  131  18:05  Colossus  
  137  18:14  Stalker x3  
  137  18:15  Stalker x4  
  137  18:16  Stalker x3  
  157  18:20  Nexus  
  157  18:24  Assimilator, Stargate  
  157  18:26  Stargate  
  157  18:27  Fleet Beacon, Stargate  
  153  18:29  Pylon  
  153  18:31  Pylon  
  146  18:35  Assimilator  
  146  18:38  Stalker x3  
  146  18:39  Stalker x2  
  150  18:50  Stalker  
  150  18:51  Stalker  
  154  19:28  Tempest x2  
  154  19:29  Tempest  
  154  19:33  Probe x3  
  154  19:35  Protoss Air Weapons Level 1  
  174  19:54  Stalker x2  
  174  19:55  Stalker  
  178  20:04  Probe  
  178  20:05  Probe x3  
  178  20:06  Tempest  
  177  20:08  Probe x2  
  177  20:12  Probe  
  177  20:13  Probe  
  183  20:16  Tempest  
  195  20:38  Zealot x3  
  195  20:39  Zealot  
  195  20:41  Tempest x2  
  194  21:18  Tempest  
  200  21:23  Protoss Shields Level 3  
  200  21:24  Protoss Air Weapons Level 2  
  200  21:32  Pylon  
  199  21:47  Nexus  
  199  21:51  Pylon  
  188  23:01  Tempest x2  
  200  23:17  Tempest x2  
  188  24:42  Colossus  
  185  25:26  Zealot  
  185  25:27  Zealot x4  
  187  25:36  Colossus  
  187  25:44  Zealot  
  187  25:45  Zealot x4  
  188  26:28  Oracle x3  
  178  26:53  Archon  
  176  26:57  High Templar x5  
  166  27:17  Zealot x4  
  166  27:18  Zealot  
Tags
 
Add a new tag
Caveats
  • Supply blocks, unpowered buildings, or Contaminate may cause inaccurate times.
  • Supply counts are checked every 10 seconds.